[Event "Titled Tuesday Blitz August 17 2021"]
[White "Garv Gaur"]
[Black "Benyahia, Safin"]
[WhiteFideId "45030839"]
[BlackFideId "7905556"]
[WhiteElo "1950"]
[BlackElo "1551"]
[Result "1-0"]
[Round "08"]
[TimeControl "180+1"]
[Date "2021.08.18"]
[WhiteClock "0:01:05"]
[BlackClock "0:00:08"]

1. d4 Nf6 2. Nf3 d5 3. c4 e6 4. g3 c5 5. cxd5 Nxd5 6. Bg2 cxd4 7. Nxd4 Bb4+ 8. Bd2 Bxd2+ 9. Nxd2 O-O 10. O-O Nc6 11. Nc4 Bd7 12. Nb5 a6 13. Nbd6 b5 14. Na3 Qe7 15. Ne4 Rac8 16. Nc2 Rfd8 17. Qe1 Ne5 18. Nd4 Nc4 19. Rb1 Bc6 20. Nxc6 Rxc6 21. Nc3 Rcc8 22. Nxd5 exd5 23. Qd1 d4 24. Qd3 Ne5 25. Qe4 Qf6 26. Rfd1 Nc4 27. b3 Nb6 28. Rbc1 Rxc1 29. Rxc1 Qg6 30. Rc6 Qxe4 31. Bxe4 Nc8 32. Rxa6 Nd6 33. Bd3 Kf8 34. Rb6 Ke7 35. Bxb5 Nxb5 36. Rxb5 Ra8 37. a4 Rc8 38. Kg2 Rc2 39. Kf3 Rc3+ 40. Ke4 Rc2 41. Kd3 Rc3+ 42. Kxd4 Rc2 43. Kd3 Rb2 44. Ke3 Rc2 45. a5 Rc3+ 46. Kd2 Rc6 47. Rb6 Rc7 48. b4 Rd7+ 49. Ke3 Kd8 50. b5 Kc7 51. Rc6+ Kb7 52. a6+ Ka7 53. f3 Rd5 54. Rc7+ Kb6 55. Rb7+ Ka5 56. a7 Re5+ 57. Kf2 Re8 58. Rb8 1-0


[Site "https://www.chess.com"]

[Event "Titled Tuesday Blitz August 17 2021"]
[White "Gedajlovic, Max"]
[Black "Nemeth Junior, Henrique"]
[WhiteFideId "2616840"]
[BlackFideId "2118815"]
[WhiteElo "2137"]
[BlackElo "1976"]
[Result "1-0"]
[Round "08"]
[TimeControl "180+1"]
[Date "2021.08.17"]
[WhiteClock "0:02:00"]
[BlackClock "0:00:30"]

1. d4 Nf6 2. c4 c5 3. d5 e6 4. Nc3 exd5 5. cxd5 d6 6. e4 g6 7. h3 Bg7 8. Nf3 O-O 9. Be2 a6 10. a4 Nbd7 11. O-O Qc7 12. Re1 c4 13. Bf4 Nc5 14. Bxc4 Ncxe4 15. Nxe4 Qxc4 16. Rc1 Qxe4 17. Rxe4 Nxe4 18. Rc7 b5 19. Nd4 bxa4 20. Nc6 Bxb2 21. Qxa4 Nc3 22. Qb3 Ba1 23. Bxd6 Re8 24. Ne7+ Rxe7 25. Bxe7 a5 26. Rxc3 a4 27. Rxc8+ Rxc8 28. Qxa4 Be5 29. f4 Rc1+ 30. Kf2 Bc3 31. d6 1-0


[Site "https://www.chess.com"]

[Event "Titled Tuesday Blitz August 17 2021"]
[White "Giroyan, Gary"]
[Black "Roman, Rodrigo"]
[WhiteFideId "680281"]
[BlackFideId "3701220"]
[WhiteElo "2420"]
[BlackElo "2043"]
[Result "0-1"]
[Round "08"]
[TimeControl "180+1"]
[Date "2021.08.17"]
[WhiteClock "0:00:12"]
[BlackClock "0:02:11"]

1. e4 a6 2. d4 b5 3. Bd3 Bb7 4. Qe2 Nf6 5. Nf3 e6 6. Bg5 Be7 7. Nbd2 d5 8. e5 Nfd7 9. h4 c5 10. c3 c4 11. Bc2 Nc6 12. Qe3 h6 13. Bxe7 Qxe7 14. g4 b4 15. g5 a5 16. g6 f6 17. Ba4 O-O 18. Bxc6 Bxc6 19. Nf1 fxe5 20. Nxe5 Nxe5 21. Qxe5 bxc3 22. bxc3 Qa3 23. Qe3 Qb2 24. Rd1 Ba4 25. Rd2 Qb1+ 26. Ke2 Bc2 27. Ng3 Bd3+ 28. Rxd3 cxd3+ 29. Qxd3 Rxf2+ 0-1


[Site "https://www.chess.com"]

[Event "Titled Tuesday Blitz August 17 2021"]
[White "Golubev, Mikhail"]
[Black "Zhuravleva, Olga"]
[WhiteFideId "14100983"]
[BlackFideId "4145933"]
[WhiteElo "2374"]
[BlackElo "2119"]
[Result "0-1"]
[Round "08"]
[TimeControl "180+1"]
[Date "2021.08.18"]
[WhiteClock "0:00:01"]
[BlackClock "0:00:18"]

1. e4 e5 2. Nf3 Nc6 3. Bb5 f5 4. d3 Nf6 5. exf5 Bc5 6. O-O O-O 7. Bxc6 dxc6 8. Nxe5 Bxf5 9. Nc3 Bd4 10. Nf3 Bg4 11. Bg5 Bxc3 12. bxc3 Qd5 13. c4 Qf5 14. Bxf6 Rxf6 15. Re1 Raf8 16. Re3 Qh5 17. Rb1 b6 18. Qe2 Bxf3 19. Rxf3 Rxf3 20. gxf3 Rxf3 21. Qe6+ Qf7 22. Re1 h6 23. Qxc6 Rxf2 24. Re8+ Kh7 25. Qe4+ Rf5 26. Qe2 Qg6+ 27. Kh1 Rg5 28. Qe3 Rf5 0-1


[Site "https://www.chess.com"]

[Event "Titled Tuesday Blitz August 17 2021"]
[White "Gontcharov, Vladislav"]
[Black "Djordjevic, Vuk"]
[WhiteFideId "4123492"]
[BlackFideId "902098"]
[WhiteElo "2503"]
[BlackElo "2463"]
[Result "1-0"]
[Round "08"]
[TimeControl "180+1"]
[Date "2021.08.17"]
[WhiteClock "0:00:11"]
[BlackClock "0:00:02"]

1. e4 d5 2. exd5 Qxd5 3. Nc3 Qd6 4. d4 Nf6 5. Nf3 c6 6. h3 g6 7. g3 Bg7 8. Bg2 O-O 9. O-O Nbd7 10. Qe2 Nb6 11. Re1 Re8 12. Bf4 Qd8 13. Rad1 Nbd5 14. Bd2 Be6 15. Nb1 Nb6 16. b3 Qc8 17. Kh2 c5 18. dxc5 Qxc5 19. c4 Rad8 20. Bf4 Rxd1 21. Qxd1 Qxf2 22. Nc3 Qc5 23. Nb5 Nh5 24. Be3 Qc8 25. Nxa7 Qc7 26. Bf2 Rd8 27. Qe2 Nd7 28. Nb5 Qb8 29. Nbd4 Nf8 30. Qe4 h6 31. Nxe6 Nxe6 32. Re2 Bf6 33. b4 Qd6 34. c5 Qc7 35. Ne5 Ng5 36. Qe3 Ng7 37. Ng4 Nf5 38. Qf3 Kg7 39. Nxf6 exf6 40. Qxb7 Qxb7 41. Bxb7 Ne6 42. c6 Nd6 43. b5 Nxb7 44. cxb7 Rb8 45. b6 Rxb7 46. a4 Rb8 47. a5 Nd8 48. a6 Kf8 49. a7 Ra8 50. Rc2 Ke8 51. Rc7 Ne6 52. b7 Nxc7 53. b8=Q+ Kd7 54. Qb7 Kd6 55. Bb6 Nd5 56. Qxa8 Nxb6 57. Qb8+ Kc6 58. Qxb6+ Kxb6 59. a8=Q 1-0


[Site "https://www.chess.com"]

[Event "Titled Tuesday Blitz August 17 2021"]
[White "Grachev, Boris"]
[Black "Preotu, Razvan"]
[WhiteFideId "4129199"]
[BlackFideId "2613280"]
[WhiteElo "2580"]
[BlackElo "2407"]
[Result "1-0"]
[Round "08"]
[TimeControl "180+1"]
[Date "2021.08.17"]
[WhiteClock "0:00:11"]
[BlackClock "0:00:15"]

1. d4 Nf6 2. Bf4 d5 3. e3 c5 4. c3 Nc6 5. Nd2 Bf5 6. Ngf3 e6 7. Nh4 Bg4 8. Qb3 Qd7 9. h3 Bh5 10. g4 Bg6 11. Nxg6 hxg6 12. Bg2 cxd4 13. exd4 Bd6 14. Bxd6 Qxd6 15. Qxb7 Rb8 16. Nc4 Qd7 17. Qxd7+ Nxd7 18. O-O-O Nb4 19. cxb4 dxc4 20. a3 Ke7 21. d5 e5 22. d6+ Kf6 23. Rhe1 Rhd8 24. Bc6 Rb6 25. Bxd7 Rxd7 26. Rd5 Rbxd6 27. Rdxe5 g5 28. Rc5 Kg6 29. Rxc4 Rd3 30. Rc3 Rd2 31. Rf3 f6 32. Kb1 a6 33. Ka2 Rc7 34. Kb3 Rcc2 35. Rb1 Rxf2 36. Rxf2 Rxf2 37. Ka4 Rh2 38. Ka5 Rxh3 39. Kxa6 Rg3 40. b5 Rxg4 41. b6 Rh4 42. b7 Rh8 43. Ka7 f5 44. b8=Q Rxb8 45. Kxb8 f4 46. b4 g4 47. b5 f3 48. b6 g3 49. b7 f2 50. Ka8 g2 51. b8=Q g1=Q 52. Qb6+ Kh7 53. Rxg1 1-0


[Site "https://www.chess.com"]

[Event "Titled Tuesday Blitz August 17 2021"]
[White "Green, Andrew D"]
[Black "Estrada Nieto, Julian"]
[WhiteFideId "2401762"]
[BlackFideId "5101018"]
[WhiteElo "2159"]
[BlackElo "2270"]
[Result "1-0"]
[Round "08"]
[TimeControl "180+1"]
[Date "2021.08.18"]
[WhiteClock "0:00:15"]
[BlackClock "0:00:06"]

1. d4 Nf6 2. Nf3 e6 3. Bf4 d5 4. e3 c5 5. Nbd2 Nc6 6. c3 Bd6 7. Bg3 O-O 8. Bd3 Qe7 9. Ne5 Nd7 10. Nxd7 Qxd7 11. Bxd6 Qxd6 12. dxc5 Qxc5 13. O-O Ne5 14. Bc2 b6 15. Bxh7+ Kxh7 16. Qh5+ Kg8 17. Qxe5 Ba6 18. Rfe1 Bd3 19. Qd4 Qxd4 20. exd4 b5 21. Re3 Bg6 22. a3 a5 23. Nb3 b4 24. cxb4 axb4 25. a4 Bc2 26. Nc5 Ra5 27. b3 Rc8 28. Rc1 Bg6 29. Ree1 Ra7 30. f4 Bf5 31. Kf2 Rac7 32. h3 Bg6 33. g4 Kf8 34. Ke3 Be4 35. Kd2 Bg2 36. h4 Bf3 37. g5 Bg4 38. Na6 Rc3 39. Nxb4 Rxc1 40. Rxc1 Rb8 41. Kc3 Bf5 42. Nc6 Rc8 43. Kb4 Ke8 44. Kc5 f6 45. b4 Bd3 46. b5 Kd7 47. Rd1 Bc2 48. Ra1 Kc7 49. a5 Kb7 50. a6+ Ka8 51. b6 1-0


[Site "https://www.chess.com"]

[Event "Titled Tuesday Blitz August 17 2021"]
[White "Hambleton, Aman"]
[Black "Gerzhoy, Leonid"]
[WhiteFideId "2606577"]
[BlackFideId "2806126"]
[WhiteElo "2552"]
[BlackElo "2539"]
[Result "1/2-1/2"]
[Round "08"]
[TimeControl "180+1"]
[Date "2021.08.17"]
[WhiteClock "0:00:04"]
[BlackClock "0:00:16"]

1. d4 Nf6 2. Bf4 d6 3. e3 Nbd7 4. h3 e5 5. Bh2 Be7 6. c3 O-O 7. Nf3 exd4 8. cxd4 b6 9. Nc3 Bb7 10. Bd3 Re8 11. O-O Nf8 12. a4 a6 13. e4 Ng6 14. Re1 Bf8 15. d5 c6 16. dxc6 Bxc6 17. Qb3 d5 18. exd5 Rxe1+ 19. Rxe1 Nxd5 20. Bc4 Nxc3 21. Bxf7+ Kh8 22. Qxc3 Bxa4 23. Bg3 Rc8 24. Qe3 Bc5 25. Qe4 Bc6 26. Qg4 Bxf3 27. Qxf3 Qf6 28. Qxf6 gxf6 29. Kf1 Bd4 30. b3 Rc2 31. Bd5 Ne5 32. Rd1 Bc5 33. Bh4 Kg7 34. Be4 Rb2 35. f4 Ng6 36. Rd7+ Kh6 37. Bxf6 Rf2+ 38. Ke1 Rxf4 39. Bxg6 Kxg6 40. Bc3 Re4+ 41. Kd1 Re3 42. Kc2 Re2+ 43. Rd2 Rxd2+ 44. Bxd2 h5 45. g4 hxg4 46. hxg4 b5 47. Kd3 Bb6 48. Ke4 a5 49. Kd5 a4 50. b4 a3 51. Bc3 a2 52. Kc6 Be3 53. Kxb5 Bd2 54. Bb2 Bxb4 55. Kxb4 Kg5 56. Kb3 Kxg4 57. Kxa2 1/2-1/2


[Site "https://www.chess.com"]

[Event "Titled Tuesday Blitz August 17 2021"]
[White "Dronavalli, Harika"]
[Black "Primbetov, Kazbek"]
[WhiteFideId "5015197"]
[BlackFideId "13702297"]
[WhiteElo "2422"]
[BlackElo "2184"]
[Result "1-0"]
[Round "08"]
[TimeControl "180+1"]
[Date "2021.08.17"]
[WhiteClock "0:01:13"]
[BlackClock "0:00:05"]

1. Nf3 Nf6 2. c4 g6 3. b3 Bg7 4. Bb2 c5 5. g3 b6 6. Bg2 Bb7 7. O-O O-O 8. e3 d6 9. d4 Nbd7 10. Nc3 a6 11. d5 Ne8 12. a4 Nc7 13. Qc2 Rb8 14. e4 e5 15. dxe6 fxe6 16. Rad1 Qe7 17. Qd2 Ne8 18. Ng5 h6 19. Nh3 g5 20. f4 g4 21. Nf2 h5 22. Ne2 b5 23. Bxg7 Qxg7 24. axb5 axb5 25. cxb5 e5 26. f5 Ndf6 27. Nc3 Rf7 28. Ra1 Bc8 29. Rfd1 Rfb7 30. Bf1 Bd7 31. Bc4+ Kh7 32. Ra6 Rb6 33. Rxb6 Rxb6 34. Ra1 Qh6 35. Qxh6+ Kxh6 36. Ra7 Rb8 37. Kf1 Kg7 38. Ke2 Kf8 39. Ke3 Ke7 40. Nd3 Kd8 41. Nb2 Nc7 42. Ra5 Ra8 43. Rxa8+ Nxa8 44. Nba4 Kc7 45. Be6 Be8 46. Nd5+ Nxd5+ 47. Bxd5 Nb6 48. Nxb6 Kxb6 49. f6 Kxb5 50. f7 Bxf7 51. Bxf7 Kb4 52. Kd3 1-0


[Site "https://www.chess.com"]

[Event "Titled Tuesday Blitz August 17 2021"]
[White "Idrisov, Ildar F"]
[Black "Pourkashiyan, Atousa"]
[WhiteFideId "4151020"]
[BlackFideId "12502014"]
[WhiteElo "2209"]
[BlackElo "2285"]
[Result "1-0"]
[Round "08"]
[TimeControl "180+1"]
[Date "2021.08.18"]
[WhiteClock "0:00:17"]
[BlackClock "0:00:15"]

1. Nf3 d5 2. b3 Nf6 3. Bb2 c5 4. e3 Nc6 5. d4 Bg4 6. Be2 e6 7. O-O Be7 8. Ne5 Bxe2 9. Qxe2 Rc8 10. Rc1 O-O 11. Nd2 Nd7 12. Nxc6 Rxc6 13. c4 Nf6 14. dxc5 Bxc5 15. Rd1 Qe7 16. Bxf6 Qxf6 17. cxd5 exd5 18. Nf3 Re8 19. Rac1 d4 20. b4 Bb6 21. Rxc6 bxc6 22. e4 Qe7 23. Qc4 Qxe4 24. h3 Qf4 25. Qxc6 Rd8 26. a4 h6 27. a5 Bc7 28. g3 Qd6 29. Qxd6 Rxd6 30. Rxd4 Rc6 31. Rd7 Kf8 32. Nd4 Rc1+ 33. Kg2 Ke8 34. Rd5 Rd1 35. Kf3 f6 36. Ke2 Rb1 37. Ne6 Be5 38. Nxg7+ Kf7 39. Rd7+ Kg6 40. Rb7 a6 41. Ne6 Kf5 42. Ng7+ Ke4 43. Rd7 Rb2+ 44. Rd2 Rxb4 45. f3# 1-0


[Site "https://www.chess.com"]

[Event "Titled Tuesday Blitz August 17 2021"]
[White "Indjic, Aleksandar"]
[Black "Stribuk, Artiom"]
[WhiteFideId "911925"]
[BlackFideId "13515659"]
[WhiteElo "2643"]
[BlackElo "2224"]
[Result "1-0"]
[Round "08"]
[TimeControl "180+1"]
[Date "2021.08.17"]
[WhiteClock "0:00:35"]
[BlackClock "0:00:01"]

1. d4 Nf6 2. c4 g6 3. Nc3 d5 4. Nf3 Bg7 5. Qb3 dxc4 6. Qxc4 O-O 7. e4 a6 8. e5 b5 9. Qb3 Nfd7 10. e6 fxe6 11. Be3 Nf6 12. h4 Nc6 13. O-O-O b4 14. Na4 Nd5 15. h5 Nxe3 16. fxe3 g5 17. Qc2 Qd5 18. Bc4 b3 19. Bxb3 Qb5 20. Nc5 h6 21. a3 Rb8 22. Rd2 Kh8 23. Rhd1 Rf5 24. Ba2 Na5 25. Kb1 Rb6 26. Rc1 Bf6 27. Nh2 Kg7 28. Ng4 Rc6 29. b4 Nb7 30. Bc4 Qb6 31. Qb3 a5 32. Nxf6 exf6 33. e4 Rf4 34. g3 Rg4 35. Be2 axb4 36. Bxg4 Nxc5 37. dxc5 Rxc5 38. Rxc5 Qxc5 39. axb4 Qg1+ 40. Kb2 Qe1 41. Qc3 Kf8 42. Qxf6+ 1-0


[Site "https://www.chess.com"]

[Event "Titled Tuesday Blitz August 17 2021"]
[White "Ismayil, Malak"]
[Black "Ratnesan, Ranesh"]
[WhiteFideId "13412604"]
[BlackFideId "439339"]
[WhiteElo "1879"]
[BlackElo "1803"]
[Result "1/2-1/2"]
[Round "08"]
[TimeControl "180+1"]
[Date "2021.08.18"]
[WhiteClock "0:00:01"]
[BlackClock "0:00:16"]

1. e4 c5 2. Nf3 d6 3. d4 cxd4 4. Nxd4 Nf6 5. Nc3 a6 6. Bc4 e6 7. O-O Nbd7 8. Be3 Nc5 9. Bd3 Be7 10. Qe2 O-O 11. f4 Qc7 12. a3 b5 13. Nb3 Bb7 14. Nd2 Rad8 15. Bd4 e5 16. Be3 Qb8 17. Rae1 Rfe8 18. h3 Bf8 19. Qf2 Qa8 20. fxe5 Rxe5 21. Bd4 Re6 22. Qh4 Be7 23. Qg3 Ncd7 24. Nf3 h6 25. Nh4 Kh8 26. Nf5 Bf8 27. Qh4 Ng8 28. Ne3 Ne5 29. Ncd5 Ne7 30. Nc7 Qc8 31. Nxe6 Qxe6 32. Nf5 N7g6 33. Qxd8 Kh7 34. Ng3 Be7 35. Qc7 Bc6 36. Bxe5 dxe5 37. Nf5 Bc5+ 38. Kh1 Ba8 39. Ne3 Nf4 40. Nd5 Nxh3 41. Qxc5 Ng5 42. Qe7 Qg4 43. Qxe5 Qh4+ 44. Qh2 Qg4 45. Rf5 g6 46. Ref1 gxf5 47. exf5 Bxd5 48. f6+ Kg8 49. Rg1 h5 50. Qb8+ Qc8 51. Qe5 Qe6 52. Qxg5+ Kf8 53. Qg7+ Ke8 54. Qg8+ Kd7 55. Qg7 Qg4 56. Qxg4+ hxg4 57. Kh2 Ke6 58. Kg3 Kxf6 59. Kxg4 Ke5 60. Kg3 Kd4 61. Re1 f5 62. Kf2 f4 63. Bf5 Bc4 64. c3+ Kc5 65. Be6 Bd5 66. Re4 Bxe4 67. Bb3 Bg6 68. Kf3 a5 69. Kxf4 b4 70. axb4+ axb4 71. cxb4+ Kxb4 72. Be6 Kc5 73. Ke5 Kb4 74. g4 Kc5 75. g5 Kc6 76. Kf6 Be8 77. g6 Bxg6 78. Kxg6 Kc5 79. Kf5 Kb4 80. b3 Kc3 81. Ke4 Kb4 82. Bc4 Kc3 83. Kd5 Kb4 84. Kc6 Ka5 85. Be6 Kb4 86. Kb6 Ka3 87. Kc5 Kb2 88. b4 Kc3 89. b5 Kd2 90. b6 Ke3 91. b7 Kf4 92. b8=Q+ Kg5 93. Qe5+ Kg6 94. Qf5+ Kg7 95. Qf7+ Kh6 96. Bd5 Kg5 97. Kd4 Kg4 98. Ke4 Kg3 99. Qf3+ Kh4 100. Ke3 Kg5 101. Qf4+ Kg6 102. Bf3 Kg7 103. Ke4 Kg6 104. Ke5 Kg7 105. Qf6+ Kg8 106. Qg5+ Kh7 1/2-1/2


[Site "https://www.chess.com"]

[Event "Titled Tuesday Blitz August 17 2021"]
[White "Ivic, Velimir"]
[Black "Atabayev, Saparmyrat"]
[WhiteFideId "950122"]
[BlackFideId "14000571"]
[WhiteElo "2509"]
[BlackElo "2483"]
[Result "0-1"]
[Round "08"]
[TimeControl "180+1"]
[Date "2021.08.17"]
[WhiteClock "0:00:16"]
[BlackClock "0:00:06"]

1. e4 c5 2. Nc3 e6 3. g3 d5 4. Bg2 Nf6 5. exd5 exd5 6. Nf3 d4 7. Ne2 d3 8. cxd3 Nc6 9. O-O Be7 10. d4 cxd4 11. d3 O-O 12. Bg5 h6 13. Bxf6 Bxf6 14. Nd2 Be6 15. Ne4 Be7 16. Nf4 Bf5 17. Rc1 Rc8 18. Qb3 Qb6 19. Qxb6 axb6 20. Nd5 Bc5 21. Nxc5 bxc5 22. Rxc5 Bxd3 23. Rd1 Be2 24. Rd2 d3 25. Rxc6 bxc6 26. Ne7+ Kh8 27. Nxc8 Rxc8 28. Be4 Rd8 29. Bxc6 f5 30. b4 Rd4 31. a3 Rc4 32. Bd7 Rc2 33. Rxd3 Bxd3 34. b5 Be4 35. f4 Bf3 36. a4 Rg2+ 37. Kf1 Ra2 38. b6 Bb7 39. Ke1 Rxh2 40. Bxf5 Ra2 41. Bd7 Ra3 42. Kd2 Kg8 43. g4 Kf7 44. Kc2 Ke7 45. Bb5 Kd6 46. g5 hxg5 47. fxg5 Rg3 48. Kd2 Kc5 0-1


[Site "https://www.chess.com"]

[Event "Titled Tuesday Blitz August 17 2021"]
[White "Janaszak, Dawid"]
[Black "Hansen, Sune Berg"]
[WhiteFideId "1119206"]
[BlackFideId "1400266"]
[WhiteElo "2332"]
[BlackElo "2629"]
[Result "0-1"]
[Round "08"]
[TimeControl "180+1"]
[Date "2021.08.17"]
[WhiteClock "0:00:10"]
[BlackClock "0:00:53"]

1. e4 e5 2. Nf3 Nc6 3. d4 exd4 4. Nxd4 Nf6 5. Nxc6 bxc6 6. Bd3 d5 7. exd5 cxd5 8. O-O Be7 9. c4 c6 10. Nc3 O-O 11. b3 Bd6 12. h3 Be6 13. cxd5 cxd5 14. Bb2 Bb8 15. Nb5 Ne4 16. Re1 Qg5 17. Qf3 Nd2 18. Qe2 Bxh3 19. f3 Bf4 20. Kh1 Bd7 21. g4 Qh4+ 22. Kg1 Qg3+ 23. Kh1 Nxf3 24. Qg2 Qh4+ 0-1


[Site "https://www.chess.com"]

[Event "Titled Tuesday Blitz August 17 2021"]
[White "Kalghatgi, Nikhil"]
[Black "Nazaretyan, Tigran"]
[WhiteFideId "2056496"]
[BlackFideId "24162345"]
[WhiteElo "1994"]
[BlackElo "2167"]
[Result "0-1"]
[Round "08"]
[TimeControl "180+1"]
[Date "2021.08.17"]
[WhiteClock "0:00:12"]
[BlackClock "0:00:38"]

1. d4 Nf6 2. Bg5 d5 3. Bxf6 exf6 4. e3 Bd6 5. c4 dxc4 6. Bxc4 O-O 7. Nf3 Nd7 8. Nbd2 f5 9. Qc2 Nf6 10. Bd3 g6 11. a3 Qe7 12. O-O c6 13. b4 a5 14. bxa5 Bxa3 15. Nc4 Bb4 16. Rfb1 Be6 17. Nfe5 Nd5 18. Qb2 Bc3 19. Qb3 Bxa1 20. Rxa1 b5 21. Nxc6 Qb7 22. N6e5 Qa6 23. Nd2 Nxe3 24. Qxb5 Qxb5 25. Bxb5 Nc2 26. Ra4 Rfb8 27. Bd3 Nb4 28. f3 f6 29. Bc4 Bxc4 30. Nexc4 Ra6 31. Kf2 Nd3+ 32. Ke3 Nb2 33. Nxb2 Rxb2 34. Nc4 Rxg2 35. d5 Rxh2 36. Kd4 Rc2 37. Kc5 h5 38. d6 Kf7 39. Kb5 Ra8 40. a6 h4 41. Nb6 Rd8 42. d7 h3 43. Rh4 h2 44. a7 Rb2+ 45. Kc6 g5 46. Rh5 Kg6 47. Rh3 g4 48. fxg4 fxg4 49. Rh4 g3 50. Kc7 Rf8 51. a8=Q Rxa8 52. Nxa8 Rc2+ 53. Kb8 Rd2 54. Kc8 Kg5 55. Rh7 Kf4 56. Nc7 g2 57. Ne6+ Kg3 58. Rg7+ Kf2 59. Nf4 h1=Q 60. Rxg2+ Qxg2 61. Nxg2 Kxg2 62. d8=Q Rxd8+ 63. Kxd8 0-1


[Site "https://www.chess.com"]

[Event "Titled Tuesday Blitz August 17 2021"]
[White "Kamsky, Gata"]
[Black "Abdurakhmonov, Mukhammadali"]
[WhiteFideId "2000024"]
[BlackFideId "14207346"]
[WhiteElo "2644"]
[BlackElo "2266"]
[Result "1-0"]
[Round "08"]
[TimeControl "180+1"]
[Date "2021.08.17"]
[WhiteClock "0:01:17"]
[BlackClock "0:00:01"]

1. d4 Nf6 2. Nf3 c5 3. d5 g6 4. Nc3 Bg7 5. e4 d6 6. Be2 O-O 7. O-O Bg4 8. Nd2 Bxe2 9. Qxe2 e6 10. dxe6 fxe6 11. e5 dxe5 12. Nce4 Nc6 13. c3 Nd5 14. g3 b6 15. Nf3 Qd7 16. Kg2 Qb7 17. h4 Rad8 18. Bg5 Rd7 19. Rad1 Qc7 20. Nh2 h5 21. Nf3 Rdf7 22. Ng1 Qb8 23. Nh3 Qa8 24. f3 Qb8 25. Bc1 Rd7 26. Kh1 Qe8 27. Rg1 Nce7 28. g4 hxg4 29. Rxg4 Nf4 30. Bxf4 Rxd1+ 31. Qxd1 exf4 32. Nxf4 Qf7 33. Ng5 Qf6 34. Ngxe6 Re8 35. Qd7 Ra8 36. h5 g5 37. Rxg5 Nf5 38. Rxf5 Qh4+ 39. Kg2 1-0


[Site "https://www.chess.com"]

[Event "Titled Tuesday Blitz August 17 2021"]
[White "Kanyamarala, Trisha"]
[Black "Kovalev, Vladislav"]
[WhiteFideId "45004722"]
[BlackFideId "13504398"]
[WhiteElo "2074"]
[BlackElo "2573"]
[Result "0-1"]
[Round "08"]
[TimeControl "180+1"]
[Date "2021.08.17"]
[WhiteClock "0:00:03"]
[BlackClock "0:00:36"]

1. d4 Nf6 2. c4 g6 3. Nc3 Bg7 4. e4 d6 5. Nf3 O-O 6. Be2 e5 7. d5 a5 8. Bg5 h6 9. Be3 Ng4 10. Bd2 f5 11. h3 Nf6 12. Qc2 Na6 13. Nh4 Nxe4 14. Nxe4 Qxh4 15. Nc3 e4 16. g3 Qe7 17. Be3 Nc5 18. O-O-O Bd7 19. h4 a4 20. Kb1 Ra6 21. Nb5 Bxb5 22. cxb5 Raa8 23. Bxc5 dxc5 24. Bc4 Qd6 25. a3 Bd4 26. Rhf1 Kg7 27. g4 fxg4 28. Qxe4 Rf4 29. Qe2 Raf8 30. Rd2 h5 31. Qe6 Qxe6 32. dxe6 Kf6 33. e7 Kxe7 34. Re2+ Kd8 35. Re6 Rxf2 36. Rd1 Rxb2+ 37. Kc1 Rh2 38. Rxg6 Rxh4 39. Rg5 b6 40. Bd5 Be3+ 0-1


[Site "https://www.chess.com"]

[Event "Titled Tuesday Blitz August 17 2021"]
[White "Karavade, Eesha"]
[Black "Lock, Gavin R"]
[WhiteFideId "5012600"]
[BlackFideId "408646"]
[WhiteElo "2258"]
[BlackElo "2104"]
[Result "0-1"]
[Round "08"]
[TimeControl "180+1"]
[Date "2021.08.18"]
[WhiteClock "0:00:09"]
[BlackClock "0:00:06"]

1. d4 d5 2. c4 c6 3. Nc3 Nf6 4. e3 e6 5. Nf3 Nbd7 6. Bd3 dxc4 7. Bxc4 b5 8. Bd3 Bd6 9. O-O O-O 10. a3 Bb7 11. e4 e5 12. Bg5 h6 13. Bh4 exd4 14. Nxd4 Ne5 15. Be2 Ng6 16. Bg3 Bxg3 17. hxg3 Re8 18. Nf5 Qb6 19. Qc2 Rad8 20. Rad1 Bc8 21. Nd6 Rf8 22. Nxc8 Rxc8 23. Rd2 Rcd8 24. Rfd1 a6 25. Kf1 Ne5 26. Rxd8 Rxd8 27. Rxd8+ Qxd8 28. Ke1 Qd4 29. Qd2 Qxd2+ 30. Kxd2 c5 31. f3 Kf8 32. Ke3 Ke7 33. a4 b4 34. Nd5+ Nxd5+ 35. exd5 a5 36. f4 Nd7 37. Bb5 Nb6 38. Ke4 Kd6 39. Bc6 Nc4 40. b3 Nd2+ 41. Kd3 Nxb3 42. Be8 f6 43. Kc4 Nd4 44. Bg6 b3 45. Bd3 b2 46. g4 g5 47. fxg5 hxg5 48. Kc3 Kxd5 49. Kxb2 c4 50. Bg6 Kc5 51. Kc3 Ne2+ 52. Kd2 Nf4 53. g3 Nxg6 0-1


[Site "https://www.chess.com"]

[Event "Titled Tuesday Blitz August 17 2021"]
[White "Karavaeva, Olga"]
[Black "Fernandez, Michael"]
[WhiteFideId "4124111"]
[BlackFideId "5803560"]
[WhiteElo "2105"]
[BlackElo "2110"]
[Result "1-0"]
[Round "08"]
[TimeControl "180+1"]
[Date "2021.08.18"]
[WhiteClock "0:00:28"]
[BlackClock "0:00:02"]

1. c4 e5 2. Nc3 Nc6 3. g3 g6 4. Bg2 Bg7 5. e3 Nge7 6. Nge2 d6 7. b3 O-O 8. Bb2 Bf5 9. d4 Qd7 10. O-O Rad8 11. Re1 Bh3 12. Bh1 f5 13. dxe5 Nxe5 14. Qc2 c6 15. Rad1 Bg4 16. f4 Nf3+ 17. Bxf3 Bxf3 18. Rd2 Qe6 19. Nd4 Bxd4 20. Rxd4 c5 21. Rd2 Bc6 22. Qd1 d5 23. cxd5 Nxd5 24. Nxd5 Rxd5 25. e4 Rd7 26. exf5 Qxf5 27. Rxd7 Qxd7 28. Qxd7 Bxd7 29. Re7 Rf7 30. Re5 b6 31. Rd5 Bc6 32. Rd6 Be4 33. Kf2 h5 34. Rd8+ Rf8 35. Rd7 Rf7 36. Rd6 Bf5 37. Be5 Rd7 38. Rc6 Rd3 39. Rc7 Rd7 40. Rc8+ Kf7 41. Rh8 Ke6 42. Ra8 Kd5 43. Ke3 Kc6 44. Rc8+ Kb5 45. Rc7 Rd3+ 46. Ke2 a5 47. a4+ Kb4 48. Rb7 Kxb3 49. Rxb6+ Kxa4 50. Bc7 Rd5 51. Rc6 Bd3+ 52. Ke3 c4 53. Be5 1-0


[Site "https://www.chess.com"]

[Event "Titled Tuesday Blitz August 17 2021"]
[White "Katz, Alexander"]
[Black "Vasli, Aref"]
[WhiteFideId "2039796"]
[BlackFideId "417521"]
[WhiteElo "2371"]
[BlackElo "2257"]
[Result "0-1"]
[Round "08"]
[TimeControl "180+1"]
[Date "2021.08.17"]
[WhiteClock "0:00:11"]
[BlackClock "0:00:23"]

1. d4 Nf6 2. c4 e6 3. Nf3 c5 4. d5 exd5 5. cxd5 d6 6. Nc3 g6 7. e4 a6 8. a4 Bg4 9. Qb3 Bxf3 10. gxf3 Qc7 11. h4 Nbd7 12. Bf4 Nh5 13. Bh2 Bh6 14. Bh3 O-O 15. Ne2 b5 16. f4 Rfe8 17. Qf3 Bg7 18. O-O b4 19. Rab1 Rad8 20. b3 Ndf6 21. e5 dxe5 22. fxe5 Nxd5 23. Rbd1 Bxe5 24. Rxd5 Bxh2+ 25. Kh1 Rxd5 26. Qxd5 Rxe2 27. Bg4 Nf6 28. Qf3 Re4 29. Qxf6 Rxg4 30. Re1 Bd6 31. Re8+ Bf8 32. h5 Rf4 33. Qb2 Qc6+ 34. Kg1 Rg4+ 35. Kf1 Qxe8 0-1


[Site "https://www.chess.com"]

[Event "Titled Tuesday Blitz August 17 2021"]
[White "Kavyev, Ruslan"]
[Black "Mitusov, Semen"]
[WhiteFideId "34110981"]
[BlackFideId "14151049"]
[WhiteElo "2172"]
[BlackElo "2256"]
[Result "1/2-1/2"]
[Round "08"]
[TimeControl "180+1"]
[Date "2021.08.17"]
[WhiteClock "0:00:33"]
[BlackClock "0:00:24"]

1. e4 e5 2. Nf3 Nc6 3. Bb5 a6 4. Ba4 Nf6 5. O-O b5 6. Bb3 Be7 7. d3 O-O 8. Nc3 d6 9. a3 h6 10. h3 Na5 11. Ba2 c5 12. Bd2 Nc6 13. Nd5 Be6 14. Nxf6+ Bxf6 15. c3 Bxa2 16. Rxa2 d5 17. Qe2 Re8 18. b4 c4 19. dxc4 dxc4 20. Be3 Qc7 21. a4 Red8 22. Rfa1 Rab8 23. axb5 axb5 24. Ra6 Rd3 25. Qc2 Qd7 26. Ra8 Rxa8 27. Rxa8+ Kh7 28. Nd2 Qe7 29. Nb3 Nxb4 30. cxb4 Rxb3 31. Bc5 Qd7 32. Rb8 Qd3 33. Qa2 Qb1+ 34. Qxb1 Rxb1+ 35. Kh2 c3 36. Rc8 c2 37. Be3 Rxb4 38. Rxc2 Rxe4 39. Rc7 Kg6 40. Rb7 b4 41. Bc5 Rc4 42. Bxb4 Rc2 43. f3 Rb2 44. Rb6 Kh7 45. Bc5 Rxb6 46. Bxb6 Be7 47. Kg3 f5 48. Kf2 Kg6 49. g4 Kf6 50. Bc7 Bc5+ 51. Kg3 g6 52. Bb8 h5 53. Bc7 f4+ 54. Kg2 Bd4 55. Kf1 Ke6 56. Ke2 Kd5 57. Kd3 Kc5 58. Ke4 hxg4 59. hxg4 Kc4 60. Bxe5 Bxe5 61. Kxe5 g5 62. Kf5 Kd3 63. Kxg5 Ke3 64. Kh4 Kxf3 65. g5 Ke2 66. g6 f3 67. g7 f2 68. g8=Q f1=Q 69. Qc4+ Kf2 70. Qxf1+ Kxf1 1/2-1/2


[Site "https://www.chess.com"]